 Dungeon Crawl Stone Soup version 0.17-a0-670-g5d95ebd (console) character file.

1010 hyperkellhus the Basher (level 8, -2/78 HPs)
             Began as an Ogre Chaos Knight on Apr 18, 2015.
             Slain by a wyvern (9 damage)
             ... on level 6 of the Dungeon.
             The game lasted 00:14:22 (7549 turns).

hyperkellhus the Basher (Ogre Chaos Knight)         Turns: 7549, Time: 00:14:23

Health: -2/78      AC:  5    Str: 16      XL:     8   Next: 21%
Magic:  7/7        EV:  9    Int: 13      God:    Xom [...*..]
Gold:   177        SH:  0    Dex:  7 (11) Spells: 0 memorised, 7 levels left

rFire  . . .     SeeInvis .     M - +0 giant spiked club
rCold  + . .     Clarity  .     b - +2 robe
rNeg   . . .     SustAb   .     (no shield)
rPois  .         Gourm    .     (helmet restricted)
rElec  .         Spirit   .     (no cloak)
rCorr  +         Warding  .     (gloves unavailable)
rMut   .         Rnd*Tele +     (boots unavailable)
MR     .....                    o - amulet of resist corrosion
Stlth  +.........               (no ring)
                                u - ring of protection from cold

@: not resistant to hostile enchantments, very unstealthy
A: unfitting armour, clever 1, low mp 1, teleportitis 2, tough skin 1, weak 1
a: Renounce Religion


You were on level 6 of the Dungeon.
You worshipped Xom.
You were a favourite toy of Xom.
You were not hungry.

You visited 1 branch of the dungeon, and saw 6 of its levels.
You also visited: Sewer.

You collected 177 gold pieces.

Inventory:

Hand weapons
 a - a +0 flail
 t - a +0 mace of chaos
 M - a +0 giant spiked club (weapon)
Armour
 b - a +2 robe (worn)
Jewellery
 o - an amulet of resist corrosion (around neck)
 u - a ring of protection from cold (left hand)
Magical devices
 E - a wand of slowing (42)
 O - a wand of magic darts (25)
Scrolls
 i - 2 scrolls of remove curse
 k - 2 scrolls of enchant armour
 w - a scroll of amnesia
 K - a scroll of recharging
 N - 2 scrolls of blinking
 S - a scroll of fear
Potions
 m - a potion of haste
 D - a potion of restore abilities
 F - 2 potions of curing
 H - 4 potions of might
Books
 y - a book of Conjurations

   Spells                             Type                      Level
   a - Magic Dart                     Conjuration                  1
   b - Searing Ray                    Conjuration                  2
   c - Dazzling Spray                 Conjuration/Hexes            3
   d - Fulminant Prism                Conjuration/Hexes            4
   e - Iskenderun's Mystic Blast      Conjuration                  4
   f - Iskenderun's Battlesphere      Conjuration/Charms           5
Comestibles
 c - 4 bread rations
 l - 4 beef jerkies
 q - 3 fruits
 r - 2 meat rations
 s - a royal jelly
 L - a slice of pizza
 T - a chunk of flesh


   Skills:
 - Level 4.0 Fighting
 + Level 12.3 Maces & Flails
 - Level 2.1 Dodging


You had 7 spell levels left.
You didn't know any spells.

Dungeon Overview and Level Annotations

Branches:
Dungeon (6/15)
 Temple: D:4-7

Altars:
Gozag
Xom

Shops:
D:4 [


Innate Abilities, Weirdness & Mutations

You are too large for most types of armour.
You have tough skin (AC +1).
Your mind is acute. (Int +2)
Your magical capacity is low (-10% MP).
You are sometimes teleported to nearby monsters.
You are weak. (Str -2)


Message History

A wyvern comes into view.
The wyvern closely misses you.
You closely miss the wyvern. The wyvern bites you! The wyvern bites you!
You closely miss the wyvern. The wyvern bites you. The wyvern bites you.
You closely miss the wyvern. The wyvern barely misses you.
You hit the wyvern.
The wyvern is lightly wounded.
The wyvern bites you!
You emit a cloud of colourful smoke!
The wyvern bites you!
You puncture the wyvern!
The wyvern is heavily wounded.
The wyvern bites you!!
* * * LOW HITPOINT WARNING * * *
The wyvern barely misses you.
You barely miss the wyvern.
The wyvern is heavily wounded.
The wyvern barely misses you. The wyvern bites you!
You die...
Xom guffaws!

... .........
...........
...........
...........
..........
.......§. #.....#l#
#....§§@# #....#§§#
#....#.§# ###
#....#..# #..
#)...'.># #.# ..
#....#### #.# .
####...# #.### .# #
###.#####.#..
#.##.#
#.#...#.#.###.....#


You could see a wyvern.

Vanquished Creatures
  A phantom (D:4)
  An ogre (D:5)
  Blork the orc (D:4)
  2 scorpions (D:4)
  A wight (D:5)
  2 orc wizards
  A crimson imp (D:5)
  2 hounds (D:4)
  An orc priest (D:5)
  2 worker ants (D:4)
  14 adders
  3 river rats (Sewer)
  4 oozes (Sewer)
  An adder skeleton (D:5)
  8 worms
  7 giant geckos
  16 orcs
  15 bats
  A bat skeleton (D:4)
  8 giant cockroaches
  10 goblins
  13 hobgoblins
  5 jackals
  16 kobolds
  2 quokkas (D:4)
  A ball python (Sewer)
  7 giant newts
  16 rats
161 creatures vanquished.

Vanquished Creatures (collateral kills)
  Eustachio (D:5)
  A bat (D:5)
  A rat (D:5)
3 creatures vanquished.

Grand Total: 164 creatures vanquished

Notes
Turn   | Place    | Note
--------------------------------------------------------------
     0 | D:1      | hyperkellhus, the Ogre Chaos Knight, began the quest for the Orb.
     0 | D:1      | Reached XP level 1. HP: 24/24 MP: 1/1
    64 | D:1      | Reached XP level 2. HP: 29/32 MP: 2/2
   206 | D:1      | Reached skill level 5 in Maces & Flails
   356 | D:1      | XOM: harmless Tloc miscast
   411 | D:1      | Reached XP level 3. HP: 29/39 MP: 3/3
   963 | D:2      | XOM: potion effect (agility)
  1027 | D:2      | XOM: noise
  1033 | D:2      | Reached skill level 6 in Maces & Flails
  1126 | D:2      | Reached XP level 4. HP: 39/48 MP: 4/4
  1132 | D:2      | XOM: cast spell 'Beastly Appendage'
  1595 | D:2      | XOM: colour smoke trail
  1626 | D:2      | Found an opulent altar of Gozag.
  1807 | D:2      | Reached skill level 7 in Maces & Flails
  1807 | D:2      | XOM: medium Fire miscast
  1972 | D:3      | XOM: stealth player
  2030 | D:3      | XOM: silly message
  2091 | D:3      | XOM: harmless Air miscast
  2249 | D:3      | Reached XP level 5. HP: 48/54 MP: 5/5
  2510 | D:3      | XOM: scenery: create altars
  2685 | D:3      | XOM: divination: detect creatures
  2756 | D:4      | XOM: scenery: create altars
  2757 | D:4      | Noticed Blork the orc
  2775 | D:4      | XOM: cast spell 'Cause Fear'
  2874 | D:4      | Noticed a phantom
  2891 | D:4      | XOM: noise
  2898 | D:4      | XOM: cast spell 'Blink'
  2916 | D:4      | XOM: noise
  2951 | D:4      | XOM: summons friendly iron imp
  3202 | D:4      | XOM: noise
  3204 | D:4      | XOM: cast spell 'Confusing Touch'
  3224 | D:4      | Killed a phantom
  3224 | D:4      | Reached skill level 8 in Maces & Flails
  3451 | D:3      | XOM: divination: detect creatures
  3456 | D:4      | Reached XP level 6. HP: 58/62 MP: 6/6
  3543 | D:4      | Reached skill level 9 in Maces & Flails
  3768 | D:4      | XOM: confuse monster(s)
  3896 | D:4      | XOM: harmless Hex miscast
  3966 | D:4      | XOM: confuse monster(s)
  4005 | D:4      | Killed Blork the orc
  4005 | D:4      | Reached skill level 10 in Maces & Flails
  4005 | D:4      | Reached XP level 7. HP: 25/70 MP: 7/7
  4344 | D:4      | XOM: harmless Air miscast
  4492 | D:4      | Found Giakhott's Armour Boutique.
  4623 | D:4      | XOM: vitrification
  4931 | D:5      | Entered Level 5 of the Dungeon
  4931 | D:5      | Noticed Eustachio
  4978 | D:5      | Found a glowing drain.
  5005 | Sewer    | Entered a sewer
  5316 | Sewer    | XOM: give mutations
  5316 | Sewer    | Gained mutation: Your mind is acute. (Int +2) [Xom's mischief]
  5316 | Sewer    | Gained mutation: You are weak. (Str -2) [Xom's mischief]
  5343 | Sewer    | XOM: summons 5 hostile shadow creatures
  5356 | Sewer    | Reached skill level 11 in Maces & Flails
  5367 | Sewer    | XOM: smoke on damage
  5903 | Sewer    | XOM: enchant monster (bad)
  6330 | D:5      | XOM: mild Tloc miscast
  6333 | D:5      | Reached XP level 8. HP: 50/78 MP: 8/8
  6507 | D:5      | XOM: severe Hex miscast
  6524 | D:5      | Gained mutation: Your magical capacity is low (-10% MP). [mutagenic glow]
  6548 | D:5      | Gained mutation: You are occasionally teleported to nearby monsters. [mutagenic glow]
  6551 | D:5      | Reached skill level 12 in Maces & Flails
  6582 | D:5      | Gained mutation: You are sometimes teleported to nearby monsters. [mutagenic glow]
  6618 | D:5      | XOM: silly message
  6626 | D:5      | XOM: scenery: create altars
  6752 | D:5      | XOM: divination: detect creatures
  6756 | D:5      | XOM: scenery: create altars
  6816 | D:5      | XOM: divination: detect items
  6818 | D:5      | XOM: summons 6 friendly demons
  6824 | D:5      | Killed Eustachio
  6949 | D:5      | XOM: noise
  7268 | D:5      | XOM: god gift: scale mail {god gift}
  7547 | D:6      | XOM: smoke on damage
  7549 | D:6      | Slain by a wyvern

Action                   |  1- 3 |  4- 6 |  7- 9 || total
-------------------------+-------+-------+-------++-------
Melee: Mace              |   120 |    82 |       ||   202
       Flail             |       |   176 |   211 ||   387
       Giant spiked club |       |       |    28 ||    28
Evoke: Wand              |       |       |     1 ||     1
  Use: Scroll            |       |     2 |    12 ||    14
       Potion            |       |     1 |     2 ||     3
 Stab: Paralysed         |     1 |       |       ||     1
       Sleeping          |       |     1 |       ||     1
  Eat: Chunk             |     1 |     9 |    12 ||    22
